 Dungeon Crawl Stone Soup version 0.21.1-1-g345015f (webtiles) character file.

13461 Gremour the Basher (level 12, -2/80 HPs)
             Began as a Gargoyle Fighter on Apr 4, 2018.
             Was a Priest of the Shining One.
             Slain by an ettin
             ... wielding a +0 dire flail
              (15 damage)
             ... on level 10 of the Dungeon.
             The game lasted 01:07:35 (11819 turns).

Gremour the Basher (Gargoyle Fighter)              Turns: 11819, Time: 01:07:36

Health: -2/80      AC: 30    Str: 25    XL:     12   Next: 6%
Magic:  10/13      EV:  6    Int: 10    God:    the Shining One [***...]
Gold:   577        SH: 22    Dex: 13    Spells: 11/11 levels left

rFire    . . .     SeeInvis .   a - +2 mace (crush)
rCold    . . .     Gourm    .   c - +0 shield
rNeg     + + .     Faith    .   K - +3 plate armour
rPois    ∞         Spirit   .   z - +0 helmet
rElec    +         Reflect  +   I - +1 cloak
rCorr    +         Harm     .   P - +0 pair of gloves
MR       .....                  B - +0 pair of boots
Stlth    ..........             q - +4 amulet of reflection
HPRegen  0.23/turn              r - ring of resist corrosion
MPRegen  0.13/turn              (no ring)

@: mighty, divine shield, glowing, heavily drained
A: negative energy resistance 1, electricity resistance, unbreathing,
petrification resistance, rot immunity, AC +8
a: Divine Shield, Renounce Religion


You were on level 10 of the Dungeon.
You worshipped the Shining One.
The Shining One was most pleased with you.
You were not hungry.

You visited 2 branches of the dungeon, and saw 11 of its levels.

You collected 577 gold pieces.

Inventory:

Hand Weapons
 a - a +2 mace of crushing (weapon)
 b - a +0 flail of holy wrath
 L - a +4 scimitar of flaming
Missiles
 t - 4 silver tomahawks (quivered)
Armour
 c - a +0 shield (worn)
 z - a +0 helmet (worn)
 B - a +0 pair of boots (worn)
 E - a +0 leather armour of magic resistance
 I - a +1 cloak (worn)
 K - a +3 plate armour (worn)
 P - a +0 pair of gloves (worn)
Jewellery
 q - a +4 amulet of reflection (around neck)
 r - a ring of resist corrosion (left hand)
 H - a +3 amulet of reflection
Wands
 g - a wand of enslavement (11)
 y - a wand of polymorph (33)
 C - a wand of disintegration (9)
 G - a wand of scattershot (10)
 N - a wand of flame (30)
Scrolls
 i - 6 scrolls of identify
 j - 4 scrolls of teleportation
 l - a scroll of immolation
 p - 2 scrolls of enchant weapon
 s - 2 scrolls of magic mapping
 v - 4 scrolls of amnesia
 w - 5 scrolls of remove curse
 D - 2 scrolls of blinking
Potions
 d - a potion of might
 e - 2 potions of flight
 k - a potion of curing
 m - a potion of agility
 n - a potion of magic {unknown}
 o - 4 potions of brilliance {unknown}
 x - a potion of haste {unknown}
 A - 3 potions of mutation {unknown}
 F - a potion of ambrosia {unknown}
Books
 J - a book of Minor Magic

   Spells                             Type                      Level
   a - Magic Dart                     Conjuration                  1
   b - Blink                          Translocation                2
   c - Call Imp                       Summoning                    2
   d - Slow                           Hexes                        2
   e - Conjure Flame                  Conjuration/Fire             3
   f - Mephitic Cloud                 Conjuration/Poison/Air       3
Comestibles
 f - 21 rations


   Skills:
 * Level 11.4(10.0) Fighting
 - Level 11.7(10.3) Maces & Flails
 * Level 7.7(6.4) Armour
 * Level 10.4(9.1) Shields
 + Level 1.8(0.8) Evocations


You had 11 spell levels left.
You didn't know any spells.

Dungeon Overview and Level Annotations

Branches:
Dungeon (10/15)            Temple (1/1) D:6            Lair (0/6) D:10
    Orc: D:9-12

Altars:
Ashenzari
Cheibriados
Dithmenos
Elyvilon
Fedhas
Gozag
Hepliaklqana
Kikubaaqudgha
Makhleb
Nemelex Xobeh
Okawaru
Qazlal
Ru
Sif Muna
Trog
Uskayaw
Vehumet
Wu Jian
Xom
Yredelemnul
Zin
The Shining One


Innate Abilities, Weirdness & Mutations

You are resistant to torment.
Your stone body is resilient. (AC +8)
You are immune to poison.
You resist negative energy. (rN+)
You are resistant to electric shocks. (rElec)
You can survive without breathing.
You are immune to petrification.
You are immune to rotting.


Message History

Eating a chunk of flesh.
You eat the chunk of flesh.
This raw flesh tastes terrible.
HP restored.
Annotate level on other end of current stairs?
New annotation for D:9 (include '!' for warning):
Okay, then.
Your shield is strengthened by the Shining One's divine power.
You feel slightly more hungry.
You feel very mighty all of a sudden.
You climb downwards.
You block the ettin's attack. The ettin hits you with a dire flail!!
You block the hungry ghost's attack. The ettin hits you with a dire flail!!
The ettin hits you but does no damage.
There is a stone staircase leading up here.
Your plate armour prevents you from hitting the ettin.
The hungry ghost barely misses you. The ettin hits you with a dire flail!!
* * * LOW HITPOINT WARNING * * *
You block the ettin's attack. The hungry ghost barely misses you.
You block the ettin's attack. The ettin hits you with a dire flail!
You die...

############
#..........#
#..........#
#..........#
#.....$....#
#..Z@.....(#
#...CW.....#
########..........#
...................
######.######.####
#5# #.# #.# #.# #.#
#.# #. #Z# #.#


You could see an ettin, a hungry ghost, a crimson imp and an adder skeleton.

Vanquished Creatures
  A hydra (D:9)
  The ghost of lightbrinder the Martial Artist, a journeyman GnTm of Okawaru (D:9)
  Erica (D:8)
  A tengu warrior (D:9)
  4 two-headed ogres
  Pikel (D:8)
  An ugly thing (D:10)
  A gargoyle (D:9)
  A troll (D:9)
  2 hippogriffs (D:8)
  Sigmund (D:5)
  Eustachio (D:5)
  A human (D:7)
  The ghost of amentoraz the Magician, an amateur SpEn (D:4)
  4 hogs (D:7)
  2 yaks (D:10)
  Grum (D:8)
  2 hungry ghosts (D:9)
  2 porcupines (D:10)
  6 orc warriors
  A slave (D:8)
  3 phantoms
  A sky beast (D:2)
  An eye of draining (D:9)
  2 centaurs (D:5)
  3 ogres
  3 wolves (D:8)
  A crocodile (D:9)
  3 bullfrogs
  2 gnoll sergeants
  10 killer bees
  3 wights (D:9)
  4 electric eels (D:6)
  2 crimson imps
  A quasit (D:10)
  A centaur zombie (D:8)
  5 hounds
  3 jellies
  A bullfrog skeleton (D:7)
  11 orc priests
  13 orc wizards
  Jessica (D:3)
  8 worker ants
  A killer bee zombie (D:8)
  2 hound skeletons
  A worker ant zombie (D:9)
  9 adders
  16 gnolls
  2 shadow imps (D:5)
  An ooze (D:3)
  An adder skeleton (D:6)
  4 worms
  3 dart slugs
  4 leopard geckos
  40 orcs
  3 giant cockroaches
  3 goblins
  8 hobgoblins
  9 jackals
  13 kobolds
  2 quokkas
  A ball python (D:5)
  6 bats
  6 frilled lizards
  11 rats
264 creatures vanquished.

Vanquished Creatures (others)
  2 centaurs
  A kobold (D:3)
  A fungus (D:10)
4 creatures vanquished.

Grand Total: 268 creatures vanquished

Notes
Turn   | Place    | Note
-------+----------+-------------------------------------------
     0 | D:1      | Gremour the Gargoyle Fighter began the quest for the Orb.
     0 | D:1      | Reached XP level 1. HP: 14/14 MP: 1/1
   116 | D:1      | Reached XP level 2. HP: 19/19 MP: 2/2
   474 | D:1      | Reached XP level 3. HP: 19/23 MP: 3/3
   662 | D:2      | Noticed a sky beast
   697 | D:2      | Killed a sky beast
   697 | D:2      | Reached XP level 4. HP: 20/28 MP: 4/4
   871 | D:2      | Reached skill level 5 in Maces & Flails
   907 | D:2      | Found a burning altar of Makhleb.
   910 | D:2      | Found an opulent altar of Gozag.
   924 | D:2      | Reached XP level 5. HP: 17/32 MP: 5/5
  1146 | D:2      | Found a shattered altar of Ashenzari.
  1544 | D:3      | Noticed Jessica
  1548 | D:3      | Killed Jessica
  2086 | D:3      | Reached XP level 6. HP: 37/37 MP: 6/6
  2667 | D:4      | Noticed amentoraz's ghost (amateur SpEn)
  2702 | D:4      | Killed amentoraz's ghost
  2702 | D:4      | Reached XP level 7. HP: 41/41 MP: 7/7
  3139 | D:5      | Entered Level 5 of the Dungeon
  3173 | D:5      | Noticed Sigmund
  3191 | D:5      | Killed Sigmund
  3537 | D:5      | Found a sparkling altar of Nemelex Xobeh.
  3791 | D:5      | Reached XP level 8. HP: 46/46 MP: 8/8
  3906 | D:5      | Noticed Eustachio
  4053 | D:5      | Killed Eustachio
  4497 | D:6      | Found a staircase to the Ecumenical Temple.
  4507 | Temple   | Entered the Ecumenical Temple
  4534 | Temple   | Became a worshipper of the Shining One
  4673 | D:6      | HP: 2/46 [orc warrior/flail (10)]
  4914 | D:5      | Reached skill level 10 in Maces & Flails
  6237 | D:6      | Reached XP level 9. HP: 47/51 MP: 9/9
  6730 | D:7      | Found an iron altar of Okawaru.
  6827 | D:7      | Noticed a two-headed ogre
  7123 | D:7      | Killed a two-headed ogre
  7653 | D:7      | Reached skill level 1 in Evocations
  7723 | D:7      | Found a stormy altar of Qazlal.
  7800 | D:7      | Reached * piety under the Shining One
  7824 | D:7      | Reached XP level 10. HP: 27/65 MP: 10/10
  8342 | D:8      | Noticed Joseph
  8360 | D:8      | Noticed Joseph
  8360 | D:8      | Joseph changed into Joseph the hippogriff
  8368 | D:8      | Killed Joseph the hippogriff
  8802 | D:8      | Noticed Grum
  8830 | D:8      | Killed Grum
  9034 | D:8      | Noticed a two-headed ogre
  9062 | D:8      | Killed a two-headed ogre
  9062 | D:8      | Reached skill level 10 in Fighting
  9062 | D:8      | Reached skill level 5 in Shields
  9301 | D:8      | Noticed Erica
  9328 | D:8      | Killed Erica
  9417 | D:8      | Noticed a two-headed ogre
  9564 | D:8      | Reached skill level 5 in Armour
  9710 | D:8      | Reached XP level 11. HP: 67/73 MP: 12/12
 10032 | D:8      | Noticed Pikel
 10062 | D:8      | Killed Pikel
 10128 | D:8      | Found a glowing silver altar of Zin.
 10290 | D:8      | Killed a two-headed ogre
 10355 | D:9      | Reached ** piety under the Shining One
 10685 | D:9      | Noticed lightbrinder's ghost (journeyman GnTm)
 10721 | D:9      | Killed lightbrinder's ghost
 10860 | D:9      | Noticed a tengu warrior
 10877 | D:9      | Killed a tengu warrior
 10942 | D:9      | Noticed a six-headed hydra
 10949 | D:9      | Killed a six-headed hydra
 10959 | D:9      | Found a snail-covered altar of Cheibriados.
 10960 | D:9      | Found a hazy altar of Hepliaklqana.
 10968 | D:9      | Found a deep blue altar of Sif Muna.
 10977 | D:9      | Found a blossoming altar of Fedhas.
 10979 | D:9      | Found a shadowy altar of Dithmenos.
 11233 | D:10     | Entered Level 10 of the Dungeon
 11262 | D:10     | Noticed a two-headed ogre
 11275 | D:10     | Killed a two-headed ogre
 11340 | D:10     | Reached skill level 10 in Shields
 11367 | D:10     | Reached *** piety under the Shining One
 11397 | D:10     | Reached XP level 12. HP: 80/80 MP: 13/13
 11438 | D:10     | Found a staircase to the Lair.
 11500 | D:10     | HP: 2/80 [red ugly thing (21)]
 11520 | D:10     | Noticed an ettin
 11819 | D:10     | Slain by an ettin

Skill      XL: |  1  2  3  4  5  6  7  8  9 10 11 |
---------------+----------------------------------+-----
Maces & Flails | 3 4 5 6 7 9 11 | 11.7
Fighting       | 8 10 11 | 11.4
Evocations     | 1 |  1.8
Shields        | 6 10 | 10.4
Armour         | 5 7 |  7.7

Action                   |  1- 3 |  4- 6 |  7- 9 | 10-12 || total
-------------------------+-------+-------+-------+-------++-------
Melee: Flail             |   122 |    68 |       |    12 ||   202
       Club              |       |   199 |   512 |   330 ||  1041
       Whip              |       |       |       |   258 ||   258
       Mace              |       |       |       |    34 ||    34
Invok: Divine Shield     |       |       |       |     1 ||     1
Evoke: Wand              |       |       |     2 |     7 ||     9
  Use: Potion            |       |     1 |     5 |     3 ||     9
       Scroll            |       |     8 |     4 |     4 ||    16
  Eat: Chunk             |       |     6 |     3 |     7 ||    16
       Ration            |       |       |     4 |     3 ||     7
Armor: Scale mail        |    60 |   104 |    74 |       ||   238
       Leather armour    |       |       |    65 |     6 ||    71
       Plate armour      |       |       |       |   236 ||   236
Dodge: Dodged            |    25 |    47 |    91 |    51 ||   214
Block: Shield            |    48 |   131 |   251 |   321 ||   751
       Reflection        |       |     6 |    13 |     7 ||    26
